 Dungeon Crawl Stone Soup version 0.30.1-11-g7821555f0a (webtiles) character file.

Game seed: 10831615009952999217

10301 Destapler the Grappler (level 11, 0/178 HPs)
             Began as a Troll Berserker on Dec 1, 2023.
             Was a High Priest of Trog.
             Slain by a yak (11 damage)
             ... on level 11 of the Dungeon.
             The game lasted 00:26:44 (8168 turns).

Destapler the Grappler (Troll Berserker)            Turns: 8168, Time: 00:27:01

Health: 0/178      AC: 14    Str: 31    XL:     11   Next: 34%
Magic:  10/10      EV:  9    Int:  3    God:    Trog [*****.]
Gold:   481        SH:  0    Dex:  9    Spells: 10/10 levels left

rFire   + .          .
                       - Unarmed
rCold   . . .        (no shield)
rNeg    . . .        E - +5 acid dragon scales
rPois   .            (helmet restricted)
rElec   .            C - +0 cloak
rCorr   +            (gloves unavailable)
SInv    .            (boots unavailable)
Will    +....        (no amulet) Stlth
                     u - ring of flight
HPRegen 1.29/turn    A - ring of willpower
MPRegen 0.12/turn

%: no passive effects
@: berserking, flying, very quick
A: large, unfitting armour, claws 3, regeneration 1, shaggy fur 1, tough skin 1,
fire resistance 1, screaming 1, wild magic 1
a: Renounce Religion, Berserk, Trog's Hand, Brothers in Arms


You were on level 11 of the Dungeon.
You worshipped Trog.
Trog was extremely pleased with you.
You visited 2 branches of the dungeon, and saw 12 of its levels.

You collected 481 gold pieces.

Inventory:

Hand Weapons
 H - a +6 flail
Missiles
 v - 9 boomerangs (quivered)
Armour
 C - a +0 cloak (worn)
 E - +5 acid dragon scales (worn)
 G - a +1 robe of willpower
Jewellery
 f - a ring of protection from fire
 u - a ring of flight (left claw)
 A - a ring of willpower (right claw)
Wands
 g - a wand of roots (9)
 r - a wand of digging (11)
 t - a wand of polymorph (12)
Scrolls
 a - a scroll of vulnerability {unknown}
 b - 5 scrolls of teleportation
 c - a scroll of identify
 d - 2 scrolls of butterflies
 e - a scroll of silence
 o - 2 scrolls of torment
 p - 2 scrolls of fear
 q - 2 scrolls of fog
 s - 2 scrolls of immolation
 y - a scroll of poison
Potions
 h - 3 potions of curing
 i - 2 potions of might
 k - 3 potions of heal wounds
 B - 2 potions of attraction
 I - 2 potions of ambrosia {unknown}
 K - a potion of haste {unknown}
 L - a potion of flight {unknown}


   Skills:
 + Level 10.8 Fighting
 - Level 3.0 Throwing
 - Level 2.4 Dodging
 + Level 12.7 Unarmed Combat
 - Level 1.0 Evocations


You had 10 spell levels left.
You didn't know any spells.
Your spell library contained the following spells:

 Spells                   Type           Power      Damage    Failure   Level
 Slow                     Hex            0%         N/A       67%         1
 Ensorcelled Hibernation  Hex/Ice        0%         N/A       80%         2
 Passwall                 Tmut/Erth      0%         N/A       80%         2
 Poisonous Vapours        Pois/Air       0%         N/A       80%         2
 Confusing Touch          Hex            0%         N/A       95%         3
 Mephitic Cloud           Conj/Pois/Air  0%         N/A       95%         3
 Swiftness                Air            0%         N/A       95%         3
 Vampiric Draining        Necr           0%         2d6       95%         3
 Freezing Cloud           Conj/Ice/Air   0%         6-21      100%        5


Dungeon Overview and Level Annotations

Branches:
Dungeon (11/15)            Temple (0/1) D:6             Orc (1/2) D:10
   Lair: D:8-11

Altars:
Ashenzari
Trog

Shops:
D:10 !


Innate Abilities, Weirdness & Mutations

You are too large for most types of armour.
You have claws for hands.
Your natural rate of healing is unusually fast.
You are covered in fur. (AC +1)
You have tough skin. (AC +1)
Your flesh is heat resistant. (rF+)
You occasionally shout uncontrollably at your foes.
Your spells are a little harder to cast, but a little more powerful.


Message History

You barely miss the wyvern.
The wyvern is heavily wounded.
The wyvern bites you.
* * * LOW HITPOINT WARNING * * *
You claw the wyvern!
You feel the power of Trog in you as your rage grows.
You kill the wyvern!
Trog accepts your kill.
You feel sick.
A boulder beetle comes into view.
An orc priest comes into view. It is wielding a +0 falchion.
The yak gores you but does no damage.
The orc priest shouts!
You eviscerate the water moccasin!!!
You feel the power of Trog in you as your rage grows.
You kill the water moccasin!
Trog accepts your kill.
You hear a shout! x2
You claw the yak!
The yak is lightly wounded.
You feel sick.
You are no longer poisoned.
The yak completely misses you. The yak barely misses you.
You claw the yak!
The yak is heavily wounded.
You mangle the yak!!
You kill the yak!
Trog accepts your kill. The yak barely misses you. The yak gores you!
* * * LOW HITPOINT WARNING * * *
You eviscerate the yak!!!
You kill the yak!
Trog accepts your kill.
You claw the yak! x2
The yak is almost dead.
The orc priest calls down the wrath of Beogh upon you.
Beogh smites you!
* * * LOW HITPOINT WARNING * * *
The yak gores you!
You die...

....P..........
.P.P......#.......
..................
P=...P......B....#
........#........#
#..P.P.†...#......
#.........#.....#
##....††Y...o...#
###...###@##..##...
###.....# #..#..#
#.......##..##..##
#....##....##....####
#.........##..........
#........##........#..
#.<...##.........###
##................#
####.............#


You could see a boulder beetle, a yak and an orc priest.

Vanquished Creatures
  A two-headed ogre (D:10)
  Pikel (D:7)
  Psyche (D:8)
  A kobold demonologist (D:10)
  A komodo dragon (D:8)
  Sigmund (D:2)
  2 wyverns (D:11)
  A vampire (D:9)
  13 yaks
  3 vampire mosquitoes (D:10)
  2 wargs
  3 acid dragons
  Edmund (D:6)
  5 water moccasins
  2 sky beasts (D:6)
  6 orc warriors
  An ice beast (D:6)
  3 ogres
  A centaur (D:9)
  11 kobold brigands (D:10)
  Blork the orc (D:5)
  2 bullfrogs
  4 scorpions
  3 wights (D:8)
  7 killer bees (D:9)
  3 howler monkeys (D:9)
  2 jellies
  10 orc priests
  5 hounds
  A gnoll bouda (D:5)
  5 sleepcaps
  3 iguanas
  Ijyb (D:4)
  16 orc wizards
  14 gnolls
  11 adders
  A shadow imp (D:6)
  2 white imps
  An ufetubus (D:7)
  A worm (D:2)
  A dart slug (D:3)
  37 orcs
  6 bats
  4 endoplasms
  4 giant cockroaches (D:1)
  3 goblins
  6 hobgoblins
  3 jackals (D:1)
  16 kobolds
  3 quokkas
  5 ball pythons
  3 frilled lizards (D:3)
  6 rats
250 creatures vanquished.

Notes
Turn   | Place    | Note
-------+----------+-------------------------------------------
     0 | D:1      | Destapler the Troll Berserker began the quest for the Orb.
     0 | D:1      | Reached XP level 1. HP: 22/22 MP: 0/0
   115 | D:1      | Reached XP level 2. HP: 28/29 MP: 1/1
   792 | D:2      | Noticed Sigmund
   797 | D:2      | Killed Sigmund
   798 | D:2      | Reached skill level 4 in Unarmed Combat
   798 | D:2      | Reached XP level 3. HP: 39/39 MP: 2/2
   798 | D:2      | Reached XP level 4. HP: 48/48 MP: 3/3
   798 | D:2      | Reached XP level 5. HP: 54/54 MP: 4/4
  1649 | D:3      | Reached skill level 5 in Unarmed Combat
  1672 | D:3      | Found a bloodstained altar of Trog.
  1790 | D:3      | Reached ** piety under Trog
  2108 | D:3      | Reached XP level 6. HP: 62/62 MP: 5/5
  2154 | D:3      | Found a faded altar of an unknown god.
  2497 | D:4      | Reached skill level 1 in Throwing
  2521 | D:4      | Noticed Ijyb
  2532 | D:4      | Killed Ijyb
  2533 | D:4      | Reached skill level 1 in Evocations
  2750 | D:4      | Found a broken altar of Ashenzari.
  2770 | D:4      | Reached XP level 7. HP: 56/71 MP: 6/6
  2995 | D:5      | Entered Level 5 of the Dungeon
  2997 | D:5      | Noticed Blork the orc
  3011 | D:5      | Killed Blork the orc
  3063 | D:5      | Reached skill level 6 in Unarmed Combat
  3074 | D:5      | Reached skill level 5 in Fighting
  3086 | D:5      | Reached *** piety under Trog
  3095 | D:5      | Identified the +3 plate armour of Courage {Int+5}
  3511 | D:5      | Reached XP level 8. HP: 42/81 MP: 7/7
  3593 | D:6      | Noticed Edmund
  3601 | D:6      | Killed Edmund
  3602 | D:6      | Reached skill level 7 in Unarmed Combat
  3880 | D:6      | Reached skill level 8 in Unarmed Combat
  4382 | D:6      | Reached XP level 9. HP: 87/93 MP: 8/8
  4392 | D:6      | Found a staircase to the Ecumenical Temple.
  4848 | D:7      | Reached **** piety under Trog
  5077 | D:7      | Reached skill level 9 in Unarmed Combat
  5237 | D:7      | Noticed Pikel
  5243 | D:7      | Killed Pikel
  5443 | D:8      | Noticed Psyche
  5488 | D:8      | Killed Psyche
  5489 | D:8      | Reached skill level 10 in Unarmed Combat
  5780 | D:8      | Noticed a komodo dragon
  5786 | D:8      | Killed a komodo dragon
  5787 | D:8      | Reached XP level 10. HP: 106/106 MP: 9/9
  6902 | D:10     | Entered Level 10 of the Dungeon
  7026 | D:10     | Noticed a two-headed ogre
  7036 | D:10     | Killed a two-headed ogre
  7037 | D:10     | Reached skill level 11 in Unarmed Combat
  7209 | D:10     | Gained mutation: Your flesh is heat resistant. (rF+)
                  | [potion of mutation]
  7209 | D:10     | Gained mutation: You occasionally shout uncontrollably at
                  | your foes. [potion of mutation]
  7209 | D:10     | Gained mutation: Your spells are a little harder to cast,
                  | but a little more powerful. [potion of mutation]
  7252 | D:10     | Found a staircase to the Orcish Mines.
  7259 | Orc:1    | Entered Level 1 of the Orcish Mines
  7272 | Orc:1    | Noticed an orc warlord
  7363 | D:10     | Reached ***** piety under Trog
  7489 | D:10     | Found Kiomm's Distillery.
  7502 | D:10     | Reached skill level 10 in Fighting
  7661 | D:10     | Received a gift from Trog
  7690 | D:10     | Reached skill level 12 in Unarmed Combat
  7697 | D:10     | Reached XP level 11. HP: 118/118 MP: 10/10
  8162 | D:11     | Noticed a boulder beetle
  8168 | D:11     | Slain by a yak

Illustrated notes

Levels and vault maps discovered:
D:1:      lemuel_arrival_rhombus, layout_basic, st_stairs_6, minmay_distorted
D:2:      layout_basic, serial_bayou, serial_bayou_ford_a, serial_bayou_pond_d,
          serial_bayou_pond_c, serial_bayou_crossing, uniq_sigmund
D:3:      layout_basic, mainiacjoe_overflow_brackets,
          hellmonk_ecumenical_altar_lost_god
D:4:      layout_rooms, evilmike_ruin_ashenzari, uniq_ijyb
D:5:      layout_cave_pools, uniq_blork_the_orc
D:6:      layout_basic, minmay_temple_entry_hall, uniq_edmund
D:7:      layout_basic, uniq_pikel
D:8:      layout_cave_pools, grunt_decor_resistance, uniq_psyche
D:9:      layout_basic
D:10:     layout_rooms, minmay_orc_entry_temple_small, serial_shops,
          nicolae_shop_industrial_runoff, special_room [special_room_kobold]
D:11:     layout_cave_pools, minmay_lair_entry_grove
Orc:1:    layout_caves, mines1_david, uniq_erolcha

Skill      XL: |  1  2  3  4  5  6  7  8  9 10 |
---------------+-------------------------------+-----
Fighting       | 3 4 5 7 8 10 | 10.8
Unarmed Combat | 4 5 6 8 10 12 | 12.7
Throwing       | 1 3 |  3.0
Evocations     | 1 |  1.0
Dodging        | |  2.4

Action                     |  1- 3 |  4- 6 |  7- 9 | 10-12 || total
---------------------------+-------+-------+-------+-------++-------
  Melee: Unarmed           |    44 |   150 |   239 |   242 ||   675
         Punch             |     1 |     6 |    10 |    18 ||    35
  Throw: Boomerang         |       |       |     4 |     2 ||     6
 Invoke: Berserk           |     1 |     3 |     7 |     8 ||    19
         Trog's Hand       |       |       |     1 |       ||     1
    Use: Scroll            |       |       |       |    26 ||    26
         Potion            |       |       |       |     1 ||     1
   Stab: Sleeping          |       |       |     1 |       ||     1
 Armour: Animal skin       |    11 |    40 |    37 |       ||    88
         Skin              |       |     6 |       |       ||     6
         Acid dragon scale |       |       |    12 |   143 ||   155
  Dodge: Dodged            |    25 |    80 |   100 |   111 ||   316
